 Dungeon Sprint DCSS version 0.31.0-12-g77e489cdc1 (webtiles) character file.

Game seed: 9605423136431579592

44 Heoruswealwe the Poker (level 3, -10/36 HPs)
             Began as a Minotaur Fighter on Feb 21, 2024.
             Mangled by an ogre
             ... wielding a +0 giant club
              (19 damage)
             ... in the Dungeon (Sprint IX: "|||||||||||||||||||||||||||||").
             The game lasted 00:00:31 (54 turns).

Heoruswealwe the Poker (Minotaur Fighter)             Turns: 54, Time: 00:00:31

Health: -10/36     AC:  7    Str: 22    XL:     3   Next: 39%
Magic:  2/2        EV:  9    Int:  5    God:
Gold:   0          SH:  4    Dex:  9    Spells: 2/2 levels left

rFire   . . .        a - +0 trident
rCold   . . .        d - +0 buckler
rNeg    . . .        c - +0 scale mail
rPois   .            (helmet restricted)
rElec   .            (no cloak)
rCorr   .            (no gloves)
SInv    .            (no boots)
Will    .....        (no amulet) Stlth
                     (no ring)
HPRegen 0.26/turn    (no ring)
MPRegen 0.08/turn

%: no teleportation
@: no status effects
A: horns 2, retaliatory headbutt
a: no special abilities


You were in the Dungeon.
You visited 1 branch

Inventory:

Hand Weapons
 a - a +0 trident (weapon)
Armour
 c - a +0 scale mail (worn)
 d - a +0 buckler (worn)
Scrolls
 j - a scroll of blinking
Potions
 b - a potion of might
 e - a potion of curing
 g - a potion of haste
 h - 2 potions of magic
 i - a potion of berserk rage


   Skills:
 + Level 5.4 Fighting
 * Level 6.2 Polearms
 + Level 5.4 Armour
 - Level 3.6 Shields


You had 2 spell levels left.
You didn't know any spells.
Your spell library was empty.

Dungeon Overview and Level Annotations

Branches:
Dungeon (1/1)

Altars:


Innate Abilities, Weirdness & Mutations

You have a pair of horns on your head.
You reflexively headbutt those who attack you in melee.


Message History

Your Polearms skill gained 2 levels and is now at level 5!
Your Armour skill increases to level 5!
You have reached level 2!
You have reached level 3!
Your experience leads to an increase in your attributes!
Increase (S)trength, (I)ntelligence, or (D)exterity?
You feel stronger. x2
You closely miss the adder. Your headbutt misses the adder.
The adder closely misses you.
You closely miss the adder. The adder bites you but does no damage.
You closely miss the adder. Your headbutt misses the adder.
The adder barely misses you.
The hound stops to sniff the ground.
The adder bites you but does no damage.
You hit the adder.
The adder is heavily wounded.
The adder closely misses you.
You closely miss the adder.
The adder is heavily wounded.
The adder barely misses you. You furiously retaliate!
You headbutt the adder. You hit the adder.
You kill the adder!
Your Polearms skill increases to level 6!
You barely miss the ogre. The ogre closely misses you.
You hit the ogre but do no damage. You barely miss the ogre.
The ogre hits you with a +0 giant club.
You hit the ogre.
The ogre is moderately wounded.
The ogre barely misses you.
You hit the ogre.
The ogre is moderately wounded.
You hit the ogre but do no damage.
The ogre is moderately wounded.
The ogre hits you with a +0 giant club!
* * * LOW HITPOINT WARNING * * *
You puncture the ogre! Your headbutt misses the ogre.
The ogre is severely wounded.
The ogre hits you with a +0 giant club!!
Ouch! That really hurt!
You die...

▓.▓
▓.▓
▓.▓
▓†▓
▓.▓
▓)▓
▓.▓
▓.▓
▓@▓
▓O▓
▓h▓
▓S▓
▓.▓
▓.▓
▓.▓
▓+▓


You could see an ogre, a hound and an adder.

Vanquished Creatures
  A gnoll bouda (D)
  An adder (D)
  3 endoplasms (D)
  A hobgoblin (D)
  A kobold (D)
7 creatures vanquished.

Notes
Turn   | Place    | Note
-------+----------+-------------------------------------------
     0 | D        | Heoruswealwe the Minotaur Fighter began the quest for the
                  | Orb.
     0 | D        | Reached XP level 1. HP: 19/19 MP: 0/0
     5 | D        | Reached skill level 3 in Polearms
    30 | D        | Noticed a gnoll bouda
    30 | D        | Noticed an ogre
    30 | D        | Noticed a hound
    38 | D        | HP: 1/20 [gnoll bouda/+0 whip (6)]
    41 | D        | Killed a gnoll bouda
    42 | D        | Reached skill level 5 in Fighting
    42 | D        | Reached skill level 5 in Polearms
    42 | D        | Reached skill level 5 in Armour
    42 | D        | Reached XP level 2. HP: 20/29 MP: 1/1
    42 | D        | Reached XP level 3. HP: 25/36 MP: 2/2
    48 | D        | Reached skill level 6 in Polearms
    54 | D        | Mangled by an ogre

Illustrated notes

Levels and vault maps discovered:
D:        linesprint [early_d, line_temple, items_1, d_10, items_2, lair_1,
          lair_end, items_3, orc_1, orc_end, items_4, d_15, swamp_1, shoals_1,
          snake_1, spider_1, d_20, vaults_1, items_5, swamp_end, shoals_end,
          snake_end, spider_end, vaults_end, d_27, items_6, zot_1, zot_end,
          crypt_end, forest_end, elf_end, slime_end, tomb_end, abyss_end,
          pan_hell_end]

Skill      XL: |  1  2  3 |
---------------+----------+-----
Polearms       | 5 6 |  6.2
Fighting       | 5 |  5.4
Armour         | 5 |  5.4
Shields        | |  3.6

Action                     || total
---------------------------++-------
  Melee: Trident           ||    29
         Headbutt          ||     6
    Use: Potion            ||     1
 Armour: Scale mail        ||    13
  Dodge: Dodged            ||    11
  Block: Buckler           ||     3
